 Dungeon Sprint DCSS version 0.17-a0-1719-g1afd5a1 (webtiles) character file.

108 kosy22 the Skirmisher (level 4, -3/47 HPs)
             Began as a Hill Orc Chaos Knight on Aug 27, 2015.
             Slain by a centaur (9 damage)
             ... in the Dungeon (Sprint IX: "|||||||||||||||||||||||||||||").
             The game lasted 00:02:57 (351 turns).

kosy22 the Skirmisher (Hill Orc Chaos Knight)        Turns: 351, Time: 00:02:58

Health: -3/47      AC:  5    Str: 15    XL:     4   Next: 87%
Magic:  4/4        EV: 12    Int: 12    God:    Xom [....*.]
Gold:   0          SH:  0    Dex: 10    Spells: 0 memorised, 3 levels left

rFire  . . .     SeeInvis .     q - +2 halberd (venom)
rCold  . . .     Clarity  .     b - +2 leather armour
rNeg   . . .     SustAt   .     (no shield)
rPois  .         Gourm    .     (no helmet)
rElec  .         Spirit   .     (no cloak)
rCorr  .         Warding  .     (no gloves)
rMut   .         NoTele   +     (no boots)
MR     .....                    (no amulet)
Stlth  +.........               (no ring)
                                (no ring)

@: not resistant to hostile enchantments, very unstealthy
A: no striking features
a: Renounce Religion


You were in the Dungeon.
You worshipped Xom.
You were a beloved toy of Xom.
You were not hungry.

You visited 1 branch

Inventory:

Hand weapons
 a - a +0 falchion of chaos
 j - a +0 double sword
 p - a +2 dire flail of crushing
 q - a +2 halberd of venom (weapon)
 r - a +3 war axe of electrocution
Armour
 b - a +2 leather armour (worn)
Magical staves
 o - an uncursed staff of energy
Jewellery
 s - a +3 ring of dexterity
 t - a +2 ring of evasion
Magical devices
 n - a wand of fire (7)
Scrolls
 i - 2 scrolls of blinking
 l - 3 scrolls of remove curse
 m - 2 scrolls of amnesia
Potions
 d - 5 potions of curing
 e - 3 potions of heal wounds
 f - a potion of haste
 g - 4 potions of magic
 h - a potion of berserk rage
 k - a potion of invisibility
Comestibles
 c - a bread ration


   Skills:
 + Level 7.3 Fighting
 + Level 6.8 Long Blades
 + Level 4.3 Armour
 + Level 2.7 Dodging
 + Level 0.6 Stealth


You had 3 spell levels left.
You didn't know any spells.

Dungeon Overview and Level Annotations

Branches:
Dungeon (1/1)

Altars:
Cheibriados
Dithmenos
Elyvilon
Fedhas
Gozag
Kikubaaqudgha
Makhleb
Nemelex Xobeh
Okawaru
Qazlal
Ru
Sif Muna
Trog
Vehumet
Xom
Yredelemnul
Zin
The Shining One
Beogh
Jiyva
Lugonu


Message History

You closely miss the centaur.
The centaur is heavily wounded.
Xom asks Qazlal to spice things up a little.
The centaur barely misses you. The centaur hits you.
You closely miss the centaur.
The centaur is heavily wounded.
The centaur hits you. x2
* * * LOW HITPOINT WARNING * * *
You hit the centaur but do no damage.
The centaur is heavily wounded.
The centaur hits you.
* * * LOW HITPOINT WARNING * * *
The centaur misses you. The centaur hits you.
* * * LOW HITPOINT WARNING * * *
You hit the centaur.
The centaur is severely wounded.
The centaur hits you but does no damage.
The centaur hits you!
You die...
Xom chortles! ▓▓▓▓▓▓▓▓▓▓▓▓▓▓▓▓▓▓▓▓▓▓▓▓ _______'..()[[§§@coSHY.. ▓▓▓▓▓▓▓▓▓▓▓▓▓▓▓▓▓▓▓▓▓▓▓▓

You could see a centaur and an orc.

Vanquished Creatures
  A giant frog (D)
  A crimson imp (D)
  An adder (D)
  An orc (D)
  A ball python (D)
  3 bats (D)
  A giant cockroach (D)
  A giant gecko zombie (D)
  A jackal (D)
11 creatures vanquished.

Notes
Turn   | Place    | Note
--------------------------------------------------------------
     0 | D        | kosy22 the Hill Orc Chaos Knight began the quest for the Orb.
     0 | D        | Reached XP level 1. HP: 19/19 MP: 1/1
     6 | D        | Reached skill level 4 in Fighting
     6 | D        | XOM: silly message
    67 | D        | Noticed a crimson imp
    71 | D        | XOM: fog
    78 | D        | Reached skill level 1 in Dodging
    78 | D        | Reached XP level 2. HP: 22/28 MP: 2/2
    83 | D        | XOM: enchant monster (good)
    87 | D        | XOM: swap monsters
    89 | D        | XOM: smoke on damage
    91 | D        | Killed a crimson imp
    91 | D        | Reached skill level 6 in Fighting
    91 | D        | Reached skill level 5 in Long Blades
    91 | D        | Reached XP level 3. HP: 16/37 MP: 3/3
    92 | D        | XOM: potion effect (brilliance)
    99 | D        | XOM: enchant monster (good)
   124 | D        | Found a glowing silver altar of Zin.
   124 | D        | Found a glowing golden altar of the Shining One.
   124 | D        | Found an ancient bone altar of Kikubaaqudgha.
   124 | D        | Found a basalt altar of Yredelemnul.
   124 | D        | Found a shimmering altar of Xom.
   124 | D        | Found a radiant altar of Vehumet.
   125 | D        | Found an iron altar of Okawaru.
   126 | D        | Found a burning altar of Makhleb.
   127 | D        | Found a deep blue altar of Sif Muna.
   128 | D        | Found a bloodstained altar of Trog.
   129 | D        | Found a sparkling altar of Nemelex Xobeh.
   130 | D        | Found a white marble altar of Elyvilon.
   263 | D        | XOM: god gift: double sword {god gift}
   291 | D        | Found a roughly hewn altar of Beogh.
   294 | D        | Found a viscous altar of Jiyva.
   295 | D        | Found a corrupted altar of Lugonu.
   296 | D        | Found a blossoming altar of Fedhas.
   297 | D        | Found a snail-covered altar of Cheibriados.
   298 | D        | Found a shadowy altar of Dithmenos.
   299 | D        | Found a stormy altar of Qazlal.
   300 | D        | Found an opulent altar of Gozag.
   301 | D        | Found a sacrificial altar of Ru.
   340 | D        | Noticed a giant frog
   340 | D        | Noticed a centaur
   340 | D        | Noticed a hippogriff
   340 | D        | Noticed an ice beast
   344 | D        | Killed a giant frog
   344 | D        | Reached skill level 7 in Fighting
   344 | D        | Reached XP level 4. HP: 34/47 MP: 4/4
   348 | D        | XOM: fog
   351 | D        | Slain by a centaur

Vault maps used:
D:        linesprint

Action                   |  1- 3 |  4- 6 || total
-------------------------+-------+-------++-------
Melee: Falchion          |    35 |       ||    35
       Halberd           |     3 |     6 ||     9
 Stab: Petrified         |     1 |       ||     1
